Map: Ascension to Aiur LE

Players

RiSky

  • Race: Zerg Zerg
  • Spawn Location: 11:00

HateMe - Winner!

  • Race: Zerg Zerg
  • Spawn Location: 5:00

Event: WCS Valencia 2017

VOD

Have the link to the VOD?

Description

Time

  • Played on: July 13, 2017, 7:02 a.m.
  • Length: 8:40

All games in this series

Show
View Real Time Build Order
Export as new Build Order

RiSky Zerg 

Build Orders: Pool First 

Get SALT Encoding   

  12  0:00  Drone  
  13  0:12  Overlord  
  13  0:17  Drone  
  14  0:30  Drone x2  
  14  0:33  Drone  
  17  0:38  Extractor  
  16  0:44  Drone  
  17  0:50  Spawning Pool  
  17  0:55  Drone  
  17  1:17  Hatchery  
  16  1:20  Drone  
  16  1:24  Drone  
  18  1:38  Queen  
  20  1:43  Metabolic Boost  
  20  1:46  Zergling x2  
  21  1:50  Zergling x2  
  22  1:56  Overlord  
  22  2:05  Baneling Nest  
  22  2:07  Drone  
  22  2:16  Queen  
  22  2:20  Zergling x2  
  25  2:23  Zergling x2  
  26  2:32  Zergling x4  
  28  2:40  Zergling x2  
  29  2:47  Drone x3  
  29  2:48  Drone  
  29  2:51  Baneling x3  
  33  2:53  Baneling  
  33  2:56  Drone  
  34  2:59  Drone  
  35  3:06  Overlord  
  35  3:10  Drone  
  36  3:24  Drone x2  
  38  3:33  Drone  
  33  3:35  Zergling x10  
  33  3:37  Queen  
  33  3:39  Zergling x2  
  40  3:42  Spine Crawler  
  40  3:44  Drone  
  40  3:48  Drone  
  42  3:54  Baneling x2  
  42  3:57  Hatchery  
  42  4:02  Baneling  
  41  4:03  Zergling x4  
  41  4:04  Drone  
  44  4:14  Overlord  
  44  4:28  Overlord x2  
  44  4:31  Queen  
  44  4:37  Drone  
  47  4:41  Drone  
  47  4:42  Drone x2  
  47  4:43  Drone  
  51  4:46  Drone  
  51  4:50  Evolution Chamber  
  51  4:51  Drone  
  52  4:57  Drone  
  52  4:59  Drone x2  
  55  5:01  Drone  
  55  5:05  Lair, Drone  
  56  5:08  Drone x2  
  56  5:13  Roach Warren  
  57  5:14  Drone x2  
  57  5:15  Drone  
  57  5:16  Spawning Pool, Drone  
  57  5:20  Drone  
  61  5:21  Extractor  
  61  5:22  Zerg Missile Weapons Level 1  
  61  5:23  Drone  
  61  5:27  Drone  
  63  5:34  Drone  
  63  5:35  Drone  
  63  5:36  Drone x2  
  63  5:37  Drone  
  63  5:39  Overlord x2  
  63  5:40  Extractor  
  66  5:44  Extractor  
  66  5:45  Drone  
  66  5:55  Extractor, Overlord  
  66  5:56  Drone  
  65  6:01  Drone x2  
  65  6:03  Drone x2  
  69  6:05  Extractor, Overlord  
  69  6:06  Drone x2  
  69  6:08  Drone  
  69  6:09  Drone x4  
  75  6:11  Zergling x6  
  75  6:13  Glial Reconstitution  
  75  6:14  Roach x2  
  82  6:19  Roach  
  82  6:25  Drone  
  85  6:26  Infestation Pit  
  85  6:27  Drone  
  85  6:29  Drone  
  86  6:39  Hatchery  
  83  6:40  Drone x5  
  87  6:51  Roach x5  
  87  6:52  Overlord x2  
  87  6:53  Pneumatized Carapace  
  97  7:01  Overlord  
  97  7:04  Overlord  
  96  7:12  Roach x8  
  96  7:14  Overlord  
  112  7:22  Roach x3  
  118  7:23  Roach x3  
  118  7:27  Ravager x3  
  118  7:28  Roach  
  123  7:40  Roach x7  
  123  7:50  Roach x3  
  118  7:54  Roach x4  
  118  7:57  Roach  
  115  7:59  Roach  
  115  8:04  Roach x2  
  109  8:08  Roach x2  
  106  8:16  Roach x3  
Show
View Real Time Build Order
Export as new Build Order

HateMe Zerg - Winner!

Build Orders: Hatch First 

Get SALT Encoding   

  12  0:02  Drone  
  13  0:12  Overlord  
  13  0:17  Drone  
  14  0:31  Drone x2  
  14  0:35  Drone  
  17  0:51  Hatchery  
  17  0:54  Drone  
  17  0:58  Drone  
  17  1:02  Extractor  
  17  1:14  Spawning Pool  
  17  1:17  Drone  
  17  1:20  Drone  
  18  1:28  Drone  
  19  1:40  Overlord  
  19  1:49  Drone  
  20  2:00  Queen  
  22  2:03  Queen, Metabolic Boost  
  22  2:05  Zergling x2  
  22  2:06  Zergling x2  
  26  2:11  Drone  
  27  2:15  Drone  
  29  2:22  Drone  
  29  2:26  Drone  
  30  2:34  Baneling Nest  
  30  2:35  Zergling x2  
  30  2:47  Drone x2  
  30  2:48  Queen  
  30  2:50  Overlord  
  34  2:55  Drone  
  35  3:01  Spine Crawler  
  35  3:02  Zergling x2  
  35  3:08  Spine Crawler  
  35  3:11  Zergling x2, Spine Crawler  
  34  3:13  Zergling x2  
  34  3:18  Baneling x3  
  35  3:21  Zergling x2  
  35  3:24  Zergling x4  
  35  3:36  Drone x6  
  43  3:50  Zergling x2  
  43  3:53  Hatchery  
  43  3:59  Overlord  
  43  4:04  Drone  
  43  4:07  Baneling x2  
  44  4:13  Baneling x2  
  44  4:15  Overlord  
  44  4:21  Overlord  
  44  4:27  Drone  
  44  4:28  Drone x7  
  52  4:34  Drone  
  52  4:37  Evolution Chamber  
  51  4:38  Drone  
  52  4:45  Overlord  
  52  4:47  Extractor  
  52  4:48  Drone  
  52  4:52  Drone x3  
  55  4:58  Lair  
  55  5:06  Roach Warren  
  53  5:10  Overlord  
  53  5:13  Drone x7  
  60  5:16  Overlord  
  60  5:19  Baneling  
  60  5:24  Drone x2  
  60  5:25  Drone  
  60  5:26  Drone, Zerg Missile Weapons Level 1  
  64  5:34  Overlord  
  64  5:35  Drone x3  
  67  5:45  Extractor  
  67  5:46  Extractor  
  65  5:50  Extractor  
  65  5:51  Overlord x2  
  65  5:52  Drone x2  
  65  5:53  Drone x5  
  71  5:59  Glial Reconstitution  
  71  6:00  Drone  
  71  6:01  Drone x2  
  71  6:03  Overlord x2  
  74  6:10  Roach  
  74  6:11  Roach x3  
  82  6:13  Roach  
  86  6:18  Roach  
  86  6:19  Roach x3  
  86  6:21  Overlord  
  86  6:24  Roach x2  
  96  6:28  Roach x2  
  96  6:30  Roach x2  
  104  6:36  Roach x3  
  109  6:41  Overlord x2  
  109  6:42  Roach  
  111  6:47  Roach x4  
  111  6:50  Baneling x2  
  111  6:52  Roach  
  111  6:54  Overlord x2  
  121  6:55  Roach  
  121  6:57  Roach  
  125  7:04  Roach x2  
  127  7:09  Roach  
  128  7:18  Roach x6  
  128  7:21  Roach x2  
  144  7:23  Roach  
  144  7:26  Hatchery  
  143  7:37  Roach x7  
  143  7:42  Roach  
  143  7:43  Roach  
  151  7:48  Roach x3  
  144  7:52  Roach x2  
  144  7:54  Roach  
  144  7:55  Roach  
  144  7:57  Roach  
  142  7:59  Roach  
  142  8:03  Roach x2  
  140  8:06  Roach x2  
  140  8:09  Roach  
  140  8:16  Roach x3  
  142  8:20  Roach x2  
Tags
 
Add a new tag
Caveats
  • Supply blocks, unpowered buildings, or Contaminate may cause inaccurate times.
  • Supply counts are checked every 10 seconds.